 Dungeon Crawl Stone Soup version 0.19.0-11-g3fc08b3 (console) character file.

116 Kloppie the Skirmisher (level 4, -1/38 HPs)
             Began as a Demonspawn Berserker on Nov 9, 2016.
             Was a Priest of Trog.
             Slain by an orc
             ... wielding a cursed -1 whip
              (4 damage)
             ... on level 3 of the Dungeon.
             The game lasted 00:03:32 (1749 turns).

Kloppie the Skirmisher (Demonspawn Berserker)       Turns: 1749, Time: 00:03:32

Health: -1/38      AC:  4    Str: 18    XL:     4   Next: 69%
Magic:  4/4        EV: 12    Int:  8    God:    Trog [***...]
Gold:   48         SH:  0    Dex: 13    Spells: 0 memorised, 3 levels left

rFire  . . .     SeeInvis .     a - +0 mace
rCold  . . .     Gourm    .     k - +0 leather armour
rNeg   . . .     Faith    .     (no shield)
rPois  .         Spirit   .     (helmet restricted)
rElec  .         Reflect  .     (no cloak)
rCorr  .         Harm     .     (no gloves)
MR     .....                    e - +0 pair of boots
Stlth  +.........               (no amulet)
                                (no ring)
                                (no ring)

@: exhausted, slowed, very slow
A: horns 1, powered by death 1
a: Berserk, Trog's Hand, Burn Spellbooks, Renounce Religion


You were on level 3 of the Dungeon.
You worshipped Trog.
Trog was most pleased with you.
You were very hungry.

You visited 1 branch of the dungeon, and saw 3 of its levels.

You collected 48 gold pieces.

Inventory:

Hand Weapons
 a - a +0 mace (weapon)
Armour
 e - a +0 pair of boots (worn)
 k - a +0 leather armour (worn)
 r - a +2 shield
Jewellery
 l - a cursed -2 ring of dexterity {unknown}
Scrolls
 d - a scroll of noise {unknown}
 g - 2 scrolls of teleportation {unknown}
 h - 4 scrolls of identify {unknown}
 i - a scroll of magic mapping {unknown}
 p - a scroll of remove curse {unknown}
 q - a scroll of immolation {unknown}
 t - a scroll of blinking {unknown}
 u - a scroll of enchant weapon {unknown}
Potions
 b - a potion of curing {unknown}
 f - 2 potions of invisibility {unknown}
 j - a potion of agility {unknown}
 n - a potion of mutation {unknown}
 o - a potion of brilliance {unknown}
 s - 2 potions of berserk rage {unknown}
 v - a potion of heal wounds {unknown}
Comestibles
 c - 2 bread rations
 m - a meat ration
 w - 3 chunks of flesh
 x - a slice of pizza


   Skills:
 + Level 4.5 Fighting
 + Level 3.8 Maces & Flails
 - Level 1.7 Armour
 - Level 1.7 Dodging


You had 3 spell levels left.
You didn't know any spells.

Dungeon Overview and Level Annotations

Branches:
Dungeon (3/15)

Altars:
Fedhas
Ru


Innate Abilities, Weirdness & Mutations

You have a pair of small horns on your head.
You regenerate a little health from kills.


Message History

The orc closely misses you.
An orc comes into view. It is wielding a club.
The dart slug bites you but does no damage.
You sock the dart slug!
You kill the dart slug!
Trog accepts your kill. The orc misses you. The orc closely misses you.
You feel a strong urge to attack something.
You are no longer berserk.
You are exhausted.
You feel yourself slow down. The orc hits you but does no damage.
Things that are here:
a war axe; a ring mail; an orc corpse You hit the orc but do no damage.
The orc barely misses you. The orc hits you with a whip.
* * * LOW HITPOINT WARNING * * *
The orc hits you with a trident.
* * * LOW HITPOINT WARNING * * *
The orc hits you with a whip.
You die...

........##.#
........# .#
........####
.....)..##..
........##.#
.........#.#
.........#o# # #
.........#o#.#...#
..........@...._..
.........#o#.#...#
########.#.# # #
..#.# ...#.#
....#.. #....###
####.. #..


You could see 3 orcs.

Vanquished Creatures
  4 adders (D:2)
  An ooze (D:1)
  4 worms
  3 dart slugs
  2 leopard geckos (D:1)
  3 orcs (D:3)
  6 bats
  4 giant cockroaches
  5 goblins
  9 hobgoblins
  2 frilled lizards (D:2)
  7 kobolds
  7 rats
57 creatures vanquished.

Notes
Turn   | Place    | Note
-------+----------+-------------------------------------------
     0 | D:1      | Kloppie the Demonspawn Berserker began the quest for the Orb.
     0 | D:1      | Reached XP level 1. HP: 18/18 MP: 1/1
    88 | D:1      | Gained mutation: You regenerate a little health from kills. [demonic ancestry]
    88 | D:1      | Reached XP level 2. HP: 16/24 MP: 2/2
   470 | D:1      | Reached ** piety under Trog
   606 | D:1      | Reached XP level 3. HP: 29/29 MP: 3/3
   789 | D:2      | Found a blossoming altar of Fedhas.
   873 | D:2      | Reached skill level 4 in Fighting
  1063 | D:2      | Gained mutation: You have a pair of small horns on your head. [demonic ancestry]
  1063 | D:2      | Reached XP level 4. HP: 16/37 MP: 4/4
  1729 | D:3      | Found a sacrificial altar of Ru.
  1742 | D:3      | Reached *** piety under Trog
  1749 | D:3      | Slain by an orc

Skill      XL: |  1  2  3 |
---------------+----------+-----
Maces & Flails | 3 |  3.8
Fighting       | 4 |  4.5
Armour         | |  1.7
Dodging        | |  1.7

Action                   |  1- 3 |  4- 6 || total
-------------------------+-------+-------++-------
Melee: Mace              |   117 |    69 ||   186
       Headbutt          |       |     8 ||     8
Invok: Berserk           |     4 |     1 ||     5
  Eat: Chunk             |     3 |     3 ||     6
Armor: Animal skin       |     4 |       ||     4
       Leather armour    |    18 |    31 ||    49
Dodge: Dodged            |   101 |    44 ||   145
